 Dungeon Crawl Stone Soup version 0.22-a0-433-gd2a9cce (webtiles) character file.

55 KristoblXynda the Sneak (level 3, 0/24 HPs)
             Began as a Spriggan Enchanter on May 28, 2018.
             Succumbed to an adder's poison
             ... on level 2 of the Dungeon.
             The game lasted 00:02:20 (1324 turns).

KristoblXynda the Sneak (Spriggan Enchanter)        Turns: 1324, Time: 00:02:21

Health: 0/24       AC: 21    Str:  5    XL:     3   Next: 67%
Magic:  2/9        EV:  4    Int: 16    God:
Gold:   72         SH:  0    Dex: 16    Spells: 3/9 levels left

rFire    . . .     SeeInvis +   a - +1 dagger
rCold    . . .     Gourm    .   (shield restricted)
rNeg     + + +     Faith    .   (armour currently unavailable)
rPois    +         Spirit   .   (helmet currently unavailable)
rElec    .         Reflect  .   (cloak currently unavailable)
rCorr    .         Harm     .   (gloves unavailable)
MR       .....     NoTele   +   (boots unavailable)
Stlth    +++.......             (no amulet)
HPRegen  0.08/turn              (no ring)
MPRegen  0.11/turn              (no ring)

@: lethally poisoned (0 -> -9), tree-form
A: very small, unfitting armour, see invisible, herbivore, slow metabolism 2
a: no special abilities


You were on level 2 of the Dungeon.
You were not hungry.
You were a tree.
You visited 1 branch of the dungeon, and saw 2 of its levels.

You collected 72 gold pieces.

Inventory:

Hand Weapons
 a - a +1 dagger (weapon)
Armour
 b - a +0 robe (melded)
Scrolls
 c - a scroll of immolation {unknown}
 f - 2 scrolls of amnesia {unknown}
 h - a scroll of fog {unknown}
 j - a scroll of noise {unknown}
 k - 2 scrolls of identify {unknown}
Potions
 e - a potion of agility {unknown}
 g - a potion of lignification
 i - 2 potions of curing {unknown}
 l - a potion of mutation {unknown}
Comestibles
 d - 5 rations


   Skills:
 - Level 1.1 Short Blades
 - Level 3.0 Dodging
 + Level 5.5 Stealth
 + Level 3.6 Spellcasting
 + Level 4.4 Hexes


You had 3 spell levels left.
You knew the following spells:

 Your Spells              Type           Power        Failure   Level  Hunger
a - Corona                Hex            ###....      2%          1    None
b - Ensorcelled Hibernat  Hex/Ice        ##....       11%         2    ##.....
c - Confuse               Hex            ###.....     9%          3    ###....

Your spell library contained the following spells:

 Spells                   Type           Power        Failure   Level  Hunger
 Tukima's Dance           Hex            ###.....     9%          3    ###....
 Dazzling Spray           Conj/Hex       ##....       22%         3    ###....


Dungeon Overview and Level Annotations

Branches:
Dungeon (2/15)

Altars:


Innate Abilities, Weirdness & Mutations

You are very small and have problems with some larger weapons.
You are too small for most types of armour.
You have supernaturally acute eyesight. (SInv)
You are a herbivore.
((You cover ground extremely quickly.))
You need to consume almost no food.


Message History

The adder is moderately wounded.
The adder bites you.
You are poisoned.
The adder poisons you!
Casting: Ensorcelled Hibernation (safe; 11% risk of failure)
Confirm with . or Enter, or press ? or * to list all spells.
Aiming: Ensorcelled Hibernation (safe; 11% risk of failure)
Press: ? - help, Shift-Dir - straight line, f/p - adder
Aim: an adder (moderately wounded, chance to defeat MR: 50%)
The adder resists with some effort.
You feel sick. The adder bites you.
You are lethally poisoned!
The adder poisons you!
You hit the adder but do no damage.
The adder is moderately wounded.
You feel sick. The adder bites you.
* * * LOW HITPOINT WARNING * * *
Unknown command.
It was a potion of lignification.
You turn into a tree.
Your +0 robe melds into your body.
Your roots penetrate the ground.
You die...

## #.# ### #
...###.#######.##.#
#..........♣Sl...#
##.....#####...#
##...## ..# ##.##
#.# .. #.# .. #.#
#.# # #.# ##'## #.#
##...## ##.#
##.....##


You could see an adder and a leopard gecko.

Vanquished Creatures
  2 adders (D:2)
  An ooze (D:1)
  A worm (D:2)
  A leopard gecko (D:1)
  A ball python (D:1)
  3 bats
  5 goblins
  4 hobgoblins
  2 jackals (D:2)
  2 kobolds (D:1)
  6 rats
28 creatures vanquished.

Notes
Turn   | Place    | Note
-------+----------+-------------------------------------------
     0 | D:1      | KristoblXynda the Spriggan Enchanter began the quest for the Orb.
     0 | D:1      | Reached XP level 1. HP: 9/9 MP: 5/5
   232 | D:1      | Reached XP level 2. HP: 13/13 MP: 7/7
   245 | D:1      | Learned a level 2 spell: Ensorcelled Hibernation
   320 | D:1      | Reached skill level 5 in Stealth
  1116 | D:2      | Reached XP level 3. HP: 16/16 MP: 8/8
  1176 | D:2      | Learned a level 3 spell: Confuse
  1324 | D:2      | Succumbed to an adder's poison

Vault maps used:
D:1:      elethiomel_arrival_maze
D:2:      first_ration, minmay_octomino_e4

Skill      XL: |  1  2 |
---------------+-------+-----
Spellcasting   | 3 |  3.6
Hexes          | 4 |  4.4
Stealth        | 5 |  5.5
Short Blades   | |  1.1
Dodging        | |  3.0

Action                   || total
-------------------------++-------
Melee: Dagger            ||    63
 Cast: Ensorcelled Hiber ||    12
  Use: Scroll            ||     1
       Potion            ||     1
 Stab: Sleeping          ||    20
Armor: Robe              ||     3
Dodge: Dodged            ||    34

Table legend:
 A = Spawn XP
 B = Non-spawn XP
 C = Spawn XP percentage of total XP
 D = Spawn monster count
 E = Non-spawn monster count
 F = Spawn count percentage of total count
 G = Total turns spent on level
                    A         B        C        D         E        F      G
               +---------+---------+-------+---------+---------+-------+---------
         Total |       0 |      79 |   0.0 |       0 |      28 |   0.0 |  1324
               +---------+---------+-------+---------+---------+-------+---------
           D:1 |       0 |      33 |   0.0 |       0 |      16 |   0.0 |   806
           D:2 |       0 |      46 |   0.0 |       0 |      12 |   0.0 |   518
               +---------+---------+-------+---------+---------+-------+---------
